 Dungeon Crawl Stone Soup version 0.20.0-10-g0535bb4 (webtiles) character file.

1626 tilp the Magician (level 8, -1/59 HPs)
             Began as a Grey Draconian Fire Elementalist on June 4, 2017.
             Was an Initiate of Okawaru.
             Hit by a stone thrown by an orc warrior (13 damage)
             ... on level 6 of the Dungeon.
             The game lasted 00:21:39 (7076 turns).

tilp the Magician (DrFE)                            Turns: 7076, Time: 00:21:40

Health: -1/59      AC: 11    Str: 11    XL:     8   Next: 65%
Magic:  12/18      EV: 12    Int: 18    God:    Okawaru [......]
Gold:   260        SH:  0    Dex: 11    Spells: 6/20 levels left

rFire    . . .     SeeInvis .   g - +1 short sword
rCold    . . .     Gourm    .   (no shield)
rNeg     . . .     Faith    .   (armour unavailable)
rPois    .         Spirit   .   (helmet restricted)
rElec    .         Reflect  .   (no cloak)
rCorr    .         Harm     .   (no gloves)
MR       +....                  (no boots)
Stlth    ++........             (no amulet)
Regen    0.2/turn               d - ring of wizardry
MPRegen  0.2/turn               n - ring of protection from magic

@: no status effects
A: walk through water, unfitting armour, unbreathing, cold-blooded, AC +11
a: Renounce Religion


You were on level 6 of the Dungeon.
You worshipped Okawaru.
Okawaru was noncommittal.
You were not hungry.

You visited 2 branches of the dungeon, and saw 7 of its levels.

You collected 260 gold pieces.

Inventory:

Hand Weapons
 g - a +1 short sword (weapon)
 x - a +0 dagger of flaming
Missiles
 z - 82 stones (quivered)
Magical Staves
 I - an uncursed staff of fire {unknown}
Jewellery
 d - a ring of wizardry (left hand)
 k - an uncursed amulet of faith
 n - a ring of protection from magic (right hand)
 r - a +4 ring of dexterity
Wands
 w - a wand of scattershot (5/9)
 y - a wand of iceblast (5/15)
Scrolls
 c - 3 scrolls of amnesia {unknown}
 e - 2 scrolls of enchant weapon
 f - 2 scrolls of teleportation
 h - 2 scrolls of fog
 m - 3 scrolls of remove curse
 p - 2 scrolls of enchant armour {unknown}
 q - 2 scrolls of random uselessness {unknown}
 E - a scroll of recharging {unknown}
 F - 2 scrolls of fear {unknown}
Potions
 i - a potion of haste {unknown}
 l - 8 potions of heal wounds
 o - a potion of agility {unknown}
 s - 2 potions of curing
 t - a potion of magic {unknown}
 v - a potion of brilliance {unknown}
 A - a potion of invisibility {unknown}
 D - a potion of lignification {unknown}
 H - a potion of mutation {unknown}
Books
 a - a book of Flames

   Spells                             Type                      Level
   a - Flame Tongue                   Conjuration/Fire             1
   b - Throw Flame                    Conjuration/Fire             2
   c - Conjure Flame                  Conjuration/Fire             3
   d - Inner Flame                    Hexes/Fire                   3
   e - Sticky Flame                   Conjuration/Fire             4
   f - Fireball                       Conjuration/Fire             5
 C - a book of Geomancy

   Spells                             Type                      Level
   a - Sandblast                      Earth                        1
   b - Passwall                       Transmutation/Earth          2
   c - Stone Arrow                    Conjuration/Earth            3
   d - Petrify                        Transmutation/Earth          4
   e - Lee's Rapid Deconstruction     Earth                        5
Comestibles
 b - 3 bread rations
 j - a royal jelly
 u - 4 fruits
 B - a meat ration
 G - 3 chunks of flesh


   Skills:
 + Level 1.2 Fighting
 - Level 5.2 Short Blades
 - Level 1.7 Dodging
 - Level 1.7 Stealth
 * Level 6.7 Spellcasting
 - Level 1.0 Conjurations
 + Level 5.4 Fire Magic
 * Level 1.7 Earth Magic
 * Level 3.6 Evocations


You had 6 spell levels left.
You knew the following spells:

 Your Spells              Type           Power        Failure   Level  Hunger
a - Flame Tongue          Conj/Fire      ###..        1%          1    None
b - Throw Flame           Conj/Fire      ###...       1%          2    None
c - Conjure Flame         Conj/Fire      ###.....     3%          3    ##.....
d - Inner Flame           Hex/Fire       ###.....     4%          3    ##.....
e - Sticky Flame          Conj/Fire      ###.....     12%         4    ####...
f - Sandblast             Erth           ##....       2%          1    None


Dungeon Overview and Level Annotations

Branches:
Dungeon (6/15)             Temple (1/1) D:6

Altars:
Ashenzari
Cheibriados
Dithmenos
Elyvilon
Fedhas
Gozag
Hepliaklqana
Kikubaaqudgha
Nemelex Xobeh
Okawaru
Qazlal
Ru
Sif Muna
Trog
Uskayaw
Vehumet
Xom
Yredelemnul
The Shining One


Innate Abilities, Weirdness & Mutations

You can walk through water.
Your dull iron-grey scales are very hard. (AC +11)
You cannot fit into any form of body armour.
You can survive without breathing.
You are cold-blooded and may be slowed by cold attacks.


Message History

The sky beast barely misses you.
Casting: Conjure Flame
Confirm with . or Enter, or press ? or * to list all spells.
Aiming: Flame Tongue
Press: ? - help, Shift-Dir - straight line, f - sky beast
Aim: a sky beast (rain, almost dead)
The flame tongue hits the sky beast.
You kill the sky beast!
Okawaru accepts your kill.
Your Fighting skill increases to level 1!
The orc warrior throws a stone.
The stone hits you!
Unknown command.
Casting: Flame Tongue
Confirm with . or Enter, or press ? or * to list all spells.
Aiming: Conjure Flame
Press: ? - help, Dir - move target cursor The fire ignites!
The orc warrior throws a stone.
The stone hits you!
* * * LOW HITPOINT WARNING * * *
The orc warrior throws a stone.
The stone hits you!
You die...

###############..........
.......................##
......................##
......(.####..........##
........# #...........##
........#####...........##
....#.....###............####.
...#.......o§(................
.....##...#####@.............#
#...# ##.## #8>8..........#
##.# #.# ##...........# #..
#.# ##.......)..# ..
#..#######..........##
#..........####......#
.###...[####......##
###.[...........###
##[..............


You could see an orc warrior.

Vanquished Creatures
  Pikel (D:5)
  2 phantoms (D:4)
  2 slaves (D:5)
  A sky beast (D:6)
  An ice beast (D:5)
  An ogre (D:5)
  A centaur (D:5)
  A bullfrog (D:6)
  2 scorpions
  A centaur zombie (D:5)
  A hound (D:5)
  A jelly (D:5)
  4 orc wizards
  5 worker ants
  5 adders
  2 howler monkey skeletons
  A shadow imp (D:5)
  2 oozes
  3 worms
  2 leopard geckos
  13 orcs
  6 giant cockroaches
  7 goblins
  7 hobgoblins
  12 jackals
  A quokka (D:6)
  7 bats
  4 frilled lizards
  2 jackal skeletons
  8 kobolds
  A quokka skeleton (D:4)
  4 rats
111 creatures vanquished.

Vanquished Creatures (others)
  A quokka (D:4)
1 creature vanquished.

Grand Total: 112 creatures vanquished

Notes
Turn   | Place    | Note
-------+----------+-------------------------------------------
     0 | D:1      | tilp the Draconian Fire Elementalist began the quest for the Orb.
     0 | D:1      | Reached XP level 1. HP: 14/14 MP: 3/3
   135 | D:1      | Reached XP level 2. HP: 8/20 MP: 3/5
   421 | D:1      | Learned a level 2 spell: Throw Flame
  1235 | D:2      | Reached XP level 3. HP: 26/26 MP: 7/7
  1240 | D:2      | Learned a level 3 spell: Conjure Flame
  1425 | D:2      | Reached skill level 1 in Short Blades
  1586 | D:2      | Reached skill level 3 in Spellcasting
  1767 | D:2      | Reached XP level 4. HP: 21/33 MP: 8/8
  1779 | D:2      | Learned a level 3 spell: Inner Flame
  2615 | D:3      | Found a hide-covered altar of Uskayaw.
  2724 | D:3      | Noticed a hand axe
  2724 | D:3      | Noticed a dagger
  3082 | D:4      | Reached XP level 5. HP: 26/38 MP: 7/9
  3131 | D:4      | Noticed a phantom
  3171 | D:4      | Killed a phantom
  3171 | D:4      | Reached skill level 1 in Evocations
  3274 | D:4      | Found a white marble altar of Elyvilon.
  3518 | D:4      | Reached XP level 6. HP: 28/45 MP: 0/11
  3826 | D:4      | Reached skill level 4 in Spellcasting
  4152 | D:5      | Entered Level 5 of the Dungeon
  4319 | D:5      | Learned a level 4 spell: Sticky Flame
  4454 | D:5      | Noticed an ice beast
  4463 | D:5      | Killed an ice beast
  4463 | D:5      | Your scales start taking on a dull iron-grey colour.
  4463 | D:5      | Reached XP level 7. HP: 50/50 MP: 1/13
  4463 | D:5      | Gained mutation: You can survive without breathing. [Grey Draconian growth]
  4473 | D:5      | Learned a level 1 spell: Sandblast
  4866 | D:5      | Reached skill level 5 in Spellcasting
  5066 | D:5      | Noticed Pikel
  5303 | D:5      | Killed Pikel
  5303 | D:5      | Reached skill level 5 in Short Blades
  5303 | D:5      | Reached skill level 5 in Fire Magic
  5303 | D:5      | Reached XP level 8. HP: 30/57 MP: 0/16
  5384 | D:5      | Reached skill level 6 in Spellcasting
  6267 | D:6      | Found a staircase to the Ecumenical Temple.
  6300 | D:6      | Reached skill level 1 in Earth Magic
  6439 | Temple   | Entered the Ecumenical Temple
  6615 | Temple   | Became a worshipper of Warmaster Okawaru
  7073 | D:6      | Reached skill level 1 in Fighting
  7076 | D:6      | Hit by a stone thrown by an orc warrior

Skill      XL: |  1  2  3  4  5  6  7  8 |
---------------+-------------------------+-----
Short Blades   | 1 2 3 4 5 |  5.2
Spellcasting   | 3 4 5 6 |  6.7
Fire Magic     | 4 5 |  5.4
Evocations     | 1 2 3 |  3.6
Earth Magic    | 1 |  1.7
Fighting       | 1 |  1.2
Dodging        | |  1.7
Stealth        | |  1.7
Conjurations   | |  1.0

Action                   |  1- 3 |  4- 6 |  7- 9 || total
-------------------------+-------+-------+-------++-------
Melee: Short sword       |   116 |   170 |   144 ||   430
       Tailslap          |     9 |    17 |     8 ||    34
       Dagger            |     3 |       |       ||     3
 Cast: Flame Tongue      |    19 |    39 |    42 ||   100
       Throw Flame       |     6 |    27 |    32 ||    65
       Conjure Flame     |       |       |     4 ||     4
       Sticky Flame      |       |       |     3 ||     3
       Inner Flame       |       |       |     1 ||     1
  Use: Scroll            |       |     8 |       ||     8
       Potion            |       |     1 |       ||     1
 Stab: Sleeping          |     2 |     2 |       ||     4
       Distracted        |       |     1 |       ||     1
  Eat: Royal jelly       |     1 |       |       ||     1
       Meat ration       |     1 |     1 |     1 ||     3
       Chunk             |       |     1 |     4 ||     5
Armor: Skin              |    64 |    44 |    76 ||   184
Dodge: Dodged            |   122 |    94 |   100 ||   316
